 Dungeon Crawl Stone Soup version 0.22-a0-348-gd16d1391c7 (webtiles) character file.

10170 Laan the Bludgeoner (level 11, -6/90 HPs)
             Began as a Gargoyle Fighter on Apr 8, 2018.
             Was an Elder of the Shining One.
             Killed from afar by an electric eel (7 damage)
             ... with a bolt of electricity
             ... on level 1 of the Lair of Beasts.
             The game lasted 00:16:26 (8986 turns).

Laan the Bludgeoner (Gargoyle Fighter)              Turns: 8986, Time: 00:16:27

Health: -6/90      AC: 32    Str: 28    XL:     11   Next: 57%
Magic:  11/11      EV:  2    Int:  9    God:    the Shining One [****..]
Gold:   340        SH: 10    Dex:  9    Spells: 10/10 levels left

rFire    . . .     SeeInvis .   B - +2 morningstar (protect)
rCold    . . .     Gourm    .   c - +0 shield
rNeg     + + +     Faith    .   (armour currently unavailable)
rPois    ∞         Spirit   .   (helmet currently unavailable)
rElec    .         Reflect  .   (cloak currently unavailable)
rCorr    .         Harm     .   (gloves currently unavailable)
MR       .....     NoTele   +   (boots currently unavailable)
Stlth    +.........             k - amulet of regeneration
HPRegen  0.65/turn              (no ring)
MPRegen  0.12/turn              (no ring)

@: mighty, tree-form, protection aura, hasted, glowing, very quick
A: negative energy resistance 1, petrification resistance, rot immunity, AC +8
a: Divine Shield, Cleansing Flame, Renounce Religion


You were on level 1 of the Lair of Beasts.
You worshipped the Shining One.
The Shining One was greatly pleased with you.
You were not hungry.
You were a tree.
You visited 2 branches of the dungeon, and saw 10 of its levels.

You collected 550 gold pieces.
You spent 210 gold pieces at shops.

Inventory:

Hand Weapons
 B - a +2 morningstar of protection (weapon)
Armour
 c - a +0 shield (worn)
 m - a +1 cloak (melded)
 E - a +0 pair of gloves (melded)
 G - a +0 helmet (melded)
 L - the +3 scale mail of Cami (melded) {rPois Str+3}
   (You found it on level 8 of the Dungeon)

   It affects your strength (+3).
   It protects you from poison.
Jewellery
 a - a cursed amulet of inaccuracy {unknown}
 i - an uncursed amulet of rage
 k - an amulet of regeneration (around neck)
Wands
 u - a wand of flame (12)
 w - a wand of polymorph (17)
Scrolls
 b - a scroll of random uselessness
 e - 5 scrolls of immolation
 h - a scroll of summoning {unknown}
 j - 5 scrolls of enchant armour
 l - 8 scrolls of identify
 n - 2 scrolls of magic mapping {unknown}
 q - 8 scrolls of teleportation {unknown}
 r - 2 scrolls of noise {unknown}
 t - 7 scrolls of remove curse
 v - 2 scrolls of fog {unknown}
 y - a scroll of fear {unknown}
 H - 2 scrolls of blinking
 I - a scroll of acquirement {unknown}
 J - a scroll of silence {unknown}
Potions
 d - a potion of might
 g - 2 potions of curing {unknown}
 o - 3 potions of lignification
 p - 2 potions of agility {unknown}
 s - 2 potions of flight {unknown}
 x - 3 potions of heal wounds {unknown}
 z - 3 potions of haste
 C - a potion of brilliance {unknown}
 D - a potion of mutation {unknown}
 F - a potion of resistance {unknown}
 K - a potion of degeneration {unknown}
Comestibles
 f - 18 rations
 A - 3 chunks of flesh


   Skills:
 - Level 3.8 Fighting
 * Level 16.5 Maces & Flails
 - Level 3.9 Armour
 - Level 3.9 Shields


You had 10 spell levels left.
You didn't know any spells.

Dungeon Overview and Level Annotations

Branches:
Dungeon (9/15)             Temple (0/1) D:4            Lair (1/6) D:9
    Orc: D:9-12

Altars:
Ashenzari
Cheibriados
Dithmenos
Fedhas
Hepliaklqana
Kikubaaqudgha
Makhleb
Okawaru
Ru
Sif Muna
Trog
Vehumet
Wu Jian
Xom
Yredelemnul
Zin
The Shining One

Shops:
D:5 (   D:7 %


Innate Abilities, Weirdness & Mutations

You are resistant to torment.
((Your stone body is resilient. (AC +8)))
You are immune to poison.
You resist negative energy. (rN+)
((You are resistant to electric shocks. (rElec)))
((You can survive without breathing.))
You are immune to petrification.
You are immune to rotting.


Message History

The fire dragon is severely wounded.
You block the fire dragon's attack. x3
The electric eel shoots out a bolt of lightning at you!
The bolt of electricity hits you!
You hit the fire dragon.
The fire dragon is severely wounded.
The fire dragon breathes flames at you. The blast of flame hits you!
* * * LOW HITPOINT WARNING * * *
The electric eel shoots out a bolt of lightning at you!
The bolt of electricity hits you! x2
It was a potion of haste.
You feel yourself speed up.
The fire dragon bites you but does no damage.
The fire dragon claws you.
* * * LOW HITPOINT WARNING * * *
The fire dragon tramples you.
* * * LOW HITPOINT WARNING * * *
The electric eel shoots out a bolt of lightning at you!
The bolt of electricity hits you!
You die...

############
?....≈≈≈≈..###
)?....≈≈≈....##
($$..≈≈≈......###
#$$≈≈≈;D........#####
#≈≈≈≈≈;♣............####
##≈≈≈≈........#####.....
##≈≈≈.......## ######
#≈≈≈≈..(#### # #########
# ### #.. #.#
###################.#


You could see a fire dragon and 2 electric eels.

Vanquished Creatures
  2 two-headed ogres (D:9)
  Pikel (D:9)
  An oklob plant (D:9)
  Psyche (D:8)
  2 spiny frogs (Lair:1)
  A troll (D:9)
  A merfolk (D:9)
  2 hippogriffs
  Sigmund (D:6)
  Eustachio (D:6)
  3 porcupines
  3 orc warriors
  4 sky beasts
  2 ice beasts
  An eye of draining (D:9)
  7 ogres
  3 centaurs
  3 phantoms
  The ghost of dcsswall the Caller, an amateur BaSu (D:3)
  A crocodile (D:9)
  15 bullfrogs
  A wyvern zombie (D:9)
  3 scorpions
  6 killer bees (D:7)
  4 howler monkeys
  An electric eel (Lair:1)
  2 vampire bats (D:7)
  5 crimson imps
  4 hounds
  6 bullfrog skeletons
  3 jellies
  A quasit (D:9)
  3 gnoll shamans (D:5)
  7 orc wizards
  4 orc priests
  Natasha (thrice) (D:3)
  5 worker ants
  A hound skeleton (D:9)
  45 gnolls
  10 adders
  2 howler monkey skeletons
  2 shadow imps
  3 oozes
  An adder skeleton (D:8)
  3 worms
  2 dart slugs (D:1)
  3 leopard geckos
  32 orcs
  5 bat skeletons (D:7)
  A bat zombie (D:7)
  3 giant cockroaches
  17 goblins
  6 hobgoblins
  28 jackals
  9 kobolds
  9 quokkas
  A ball python (D:5)
  10 bats
  5 frilled lizards
  A leopard gecko skeleton (D:8)
  6 rats
  A spectral orc (D:5)
  3 plants
323 creatures vanquished.

Vanquished Creatures (others)
  A bullfrog (D:9)
  A fungus (D:9)
  2 plants (D:9)
4 creatures vanquished.

Grand Total: 327 creatures vanquished

Notes
Turn   | Place    | Note
-------+----------+-------------------------------------------
     0 | D:1      | Laan the Gargoyle Fighter began the quest for the Orb.
     0 | D:1      | Reached XP level 1. HP: 14/14 MP: 1/1
    43 | D:1      | Reached XP level 2. HP: 19/19 MP: 2/2
   188 | D:1      | Reached XP level 3. HP: 9/23 MP: 3/3
  1039 | D:2      | Noticed a bullfrog
  1045 | D:2      | Found a snail-covered altar of Cheibriados.
  1049 | D:2      | Found a transporter.
  1216 | D:2      | Reached skill level 3 in Maces & Flails
  1216 | D:2      | Reached XP level 4. HP: 22/29 MP: 4/4
  1255 | D:2      | Found a deep blue altar of Sif Muna.
  1295 | D:2      | Found a glowing silver altar of Zin.
  1374 | D:2      | Found a glowing golden altar of the Shining One.
  1376 | D:2      | Found a shattered altar of Ashenzari.
  1380 | D:2      | Became a worshipper of the Shining One
  1642 | D:2      | Found a transporter.
  1683 | D:2      | Found a shadowy altar of Dithmenos.
  1864 | D:2      | Killed a bullfrog
  1864 | D:2      | Reached skill level 4 in Maces & Flails
  1864 | D:2      | Reached XP level 5. HP: 27/33 MP: 5/5
  2077 | D:3      | Noticed dcsswall's ghost (amateur BaSu)
  2098 | D:3      | Killed dcsswall's ghost
  2098 | D:3      | Reached skill level 5 in Maces & Flails
  2098 | D:3      | Reached XP level 6. HP: 34/38 MP: 6/6
  2322 | D:3      | Found a bloodstained altar of Trog.
  2379 | D:3      | Noticed Natasha
  2388 | D:3      | Killed Natasha
  2413 | D:3      | Noticed Natasha
  2424 | D:3      | Killed Natasha
  2521 | D:3      | Reached skill level 6 in Maces & Flails
  2592 | D:3      | Noticed Natasha
  2598 | D:3      | Killed Natasha
  2743 | D:3      | Found a burning altar of Makhleb.
  2887 | D:4      | Reached * piety under the Shining One
  2928 | D:4      | Reached XP level 7. HP: 30/42 MP: 7/7
  3226 | D:4      | Reached skill level 7 in Maces & Flails
  3386 | D:4      | Found a staircase to the Ecumenical Temple.
  3421 | D:4      | Found a hazy altar of Hepliaklqana.
  3462 | D:4      | Found a white marble altar of Elyvilon.
  3464 | D:4      | Found a radiant altar of Vehumet.
  3464 | D:4      | Found a radiant altar of Vehumet.
  3468 | D:4      | Found a shimmering altar of Xom.
  3468 | D:4      | Found a glowing silver altar of Zin.
  3468 | D:4      | Found a burning altar of Makhleb.
  3553 | D:5      | Entered Level 5 of the Dungeon
  3701 | D:5      | Reached skill level 8 in Maces & Flails
  3729 | D:5      | Found a basalt altar of Yredelemnul.
  3793 | D:5      | Reached XP level 8. HP: 48/48 MP: 8/8
  4022 | D:5      | Reached skill level 9 in Maces & Flails
  4097 | D:5      | Found Olyfaizi's Antique Weapon Shoppe.
  4122 | D:5      | Reached skill level 10 in Maces & Flails
  4138 | D:5      | Bought a glowing morningstar for 210 gold pieces
  4320 | D:5      | Reached ** piety under the Shining One
  4494 | D:5      | Reached XP level 9. HP: 52/52 MP: 9/9
  4624 | D:6      | Found a sacrificial altar of Ru.
  4626 | D:6      | Reached skill level 11 in Maces & Flails
  4660 | D:6      | Noticed Eustachio
  4672 | D:6      | Killed Eustachio
  4812 | D:6      | Noticed Sigmund
  4819 | D:6      | Killed Sigmund
  4819 | D:6      | Reached skill level 12 in Maces & Flails
  5365 | D:7      | Reached skill level 13 in Maces & Flails
  5375 | D:7      | Reached XP level 10. HP: 49/56 MP: 10/10
  5424 | D:7      | Found a burning altar of Makhleb.
  5424 | D:7      | Noticed a balrug
  5456 | D:7      | Found Qoatir's Food Shop.
  5540 | D:7      | Found an ornate altar of the Wu Jian Council.
  5787 | D:7      | Reached *** piety under the Shining One
  5808 | D:7      | Found an ancient bone altar of Kikubaaqudgha.
  6173 | D:8      | Noticed Psyche
  6182 | D:8      | Killed Psyche
  6492 | D:8      | Reached skill level 14 in Maces & Flails
  6649 | D:8      | Found an iron altar of Okawaru.
  6654 | D:8      | Reached **** piety under the Shining One
  6703 | D:8      | Got a pitted scale mail
  6704 | D:8      | Identified the +3 scale mail of Cami {rPois Str+3} (You found it on level 8 of the Dungeon)
  7443 | D:9      | Found a staircase to the Lair.
  7473 | D:9      | Noticed a two-headed ogre
  7481 | D:9      | Killed a two-headed ogre
  7481 | D:9      | Reached skill level 15 in Maces & Flails
  7481 | D:9      | Reached XP level 11. HP: 23/60 MP: 11/11
  7755 | D:9      | Noticed Pikel
  7760 | D:9      | Killed Pikel
  7848 | D:9      | Noticed a two-headed ogre
  7857 | D:9      | Killed a two-headed ogre
  7857 | D:9      | Reached skill level 16 in Maces & Flails
  8273 | D:9      | Found a blossoming altar of Fedhas.
  8285 | D:9      | Noticed an oklob plant
  8318 | D:9      | Killed an oklob plant
  8656 | Lair:1   | Entered Level 1 of the Lair of Beasts
  8975 | Lair:1   | Noticed a fire dragon
  8986 | Lair:1   | HP: 4/90 [fire dragon (2)]
  8986 | Lair:1   | HP: 1/90 [fire dragon (3)]
  8986 | Lair:1   | Killed from afar by an electric eel

Vault maps used:
D:1:      erik_arrival_gehennom
D:2:      nicolae_overflow_hidden_temple, gammafunk_temple_overflow_arena,
          grunt_temple_overflow_open, first_ration
D:3:      bloody_trog, lemuel_altar_in_water2, uniq_natasha
D:4:      kennysheep_mini_moat, doesnt_xom_only_xom, lemuel_temple_firewalk_b,
          corexii_corridor_pit, minmay_item_behind_shaft
D:5:      lemuel_castle_with_subvaults, yredelemnul_forgotten_temple_becter,
          serial_shops, nicolae_shop_stone, dk_noncrumbling_4,
          hangedman_abyss_or_decor_lesser_grid
D:6:      kennysheep_mini, uniq_eustachio, uniq_sigmund
D:7:      makhleb_altar_promises_db, kennysheep_vampire_church,
          lemuel_doored_altar, serial_shops, shop_fountains,
          minmay_misc_feat_more_columns
D:8:      fungi_pond_lemuel, lemuel_tele_altar, uniq_psyche
D:9:      tgw_fedhas, due_lair_maze_entry_diamond, hangedman_fish_farm,
          uniq_pikel
Lair:1:   dragon1_lemuel, grunt_megastairs_1, serial_bayou_shore_a,
          lemuel_fruit_tree

Skill      XL: |  1  2  3  4  5  6  7  8  9 10 11 |
---------------+----------------------------------+-----
Maces & Flails | 3 4 5 6 8 10 13 15 16 | 16.5
Fighting       | |  3.8
Armour         | |  3.9
Shields        | |  3.9

Action                   |  1- 3 |  4- 6 |  7- 9 | 10-12 || total
-------------------------+-------+-------+-------+-------++-------
Melee: Flail             |   151 |   227 |   172 |       ||   550
       Morningstar       |       |       |   178 |   356 ||   534
       Whip              |       |       |    27 |       ||    27
Evoke: Wand              |       |       |     2 |       ||     2
  Use: Scroll            |       |     5 |     1 |     1 ||     7
       Potion            |       |       |       |     3 ||     3
  Eat: Chunk             |     1 |     6 |     9 |    12 ||    28
Armor: Scale mail        |     5 |       |       |    94 ||    99
       Chain mail        |   113 |   187 |    31 |       ||   331
       Plate armour      |       |       |   231 |   101 ||   332
       Skin              |       |       |       |    11 ||    11
Dodge: Dodged            |    33 |    55 |    67 |    74 ||   229
Block: Shield            |   106 |   137 |   187 |   160 ||   590

Table legend:
 A = Spawn XP
 B = Non-spawn XP
 C = Spawn XP percentage of total XP
 D = Spawn monster count
 E = Non-spawn monster count
 F = Spawn count percentage of total count
 G = Total turns spent on level
                    A         B        C        D         E        F      G
               +---------+---------+-------+---------+---------+-------+---------
         Total |       0 |   14529 |   0.0 |       0 |     321 |   0.0 |  8986
               +---------+---------+-------+---------+---------+-------+---------
           D:1 |       0 |      61 |   0.0 |       0 |      27 |   0.0 |  1016
           D:2 |       0 |     161 |   0.0 |       0 |      29 |   0.0 |  1038
           D:3 |       0 |     333 |   0.0 |       0 |      30 |   0.0 |   826
           D:4 |       0 |     303 |   0.0 |       0 |      12 |   0.0 |   673
           D:5 |       0 |    1605 |   0.0 |       0 |      77 |   0.0 |  1059
           D:6 |       0 |    1620 |   0.0 |       0 |      21 |   0.0 |   567
           D:7 |       0 |    1252 |   0.0 |       0 |      33 |   0.0 |   887
           D:8 |       0 |    1739 |   0.0 |       0 |      37 |   0.0 |  1235
           D:9 |       0 |    5935 |   0.0 |       0 |      47 |   0.0 |  1355
        Lair:1 |       0 |    1520 |   0.0 |       0 |       8 |   0.0 |   330
               +---------+---------+-------+---------+---------+-------+---------
